 Dungeon Crawl Stone Soup version 0.32-a0-132-g2d33c3cfaf (webtiles) character file.

Game seed: 18260787325879971748

72 SmokeWeed the Firebug (level 4, 0/24 HPs)
             Began as a Deep Elf Fire Elementalist on Feb 10, 2024.
             Slain by a gnoll
             ... wielding a +0 spear
              (7 damage)
             ... on level 2 of the Dungeon.
             The game lasted 00:03:53 (1774 turns).

SmokeWeed the Firebug (Deep Elf Fire Elementalist)  Turns: 1774, Time: 00:03:55

Health: 0/24       AC:  2    Str:  5    XL:     4   Next: 7%
Magic:  2/12       EV: 13    Int: 20    God:
Gold:   158        SH:  0    Dex: 17    Spells: 8/11 levels left

rFire   . . .        f - +0 short sword
rCold   . . .        (no shield)
rNeg    . . .        a - +0 robe
rPois   .            (no helmet)
rElec   .            (no cloak)
rCorr   .            (no gloves)
SInv    .            (no boots)
Will    .....        (no amulet)
Stlth   ++           (no ring)
HPRegen 0.24/turn    (no ring)
MPRegen 0.13/turn

%: no passive effects
@: no status effects
A: no striking features
a: no special abilities


You were on level 2 of the Dungeon.
You visited 1 branch of the dungeon, and saw 2 of its levels.

You collected 158 gold pieces.

Inventory:

Hand Weapons
 f - a +0 short sword (weapon)
Missiles
 d - 2 poisoned darts
Armour
 a - a +0 robe (worn)
 i - a +0 pair of gloves
Jewellery
 j - an amulet of regeneration
Scrolls
 h - a scroll of blinking {unknown}
Potions
 b - a potion of magic
 c - a potion of haste {unknown}
 e - a potion of curing {unknown}


   Skills:
 + Level 0.2 Short Blades
 + Level 2.9 Dodging
 + Level 2.8 Stealth
 + Level 4.0 Spellcasting
 + Level 1.9 Conjurations
 + Level 4.2 Fire Magic


You had 8 spell levels left.
You knew the following spells:

 Your Spells              Type           Power      Damage    Failure   Level
a - Foxfire               Conj/Fire      64%        2x1d7     3%          1
b - Scorch                Fire           40%        2d6       3%          2

Your spell library contained the following spells:

 Spells                   Type           Power      Damage    Failure   Level
 Slow                     Hex            16%        N/A       13%         1
 Inner Flame              Hex/Fire       12%        N/A       16%         3
 Volatile Blastmotes      Fire/Tloc      24%        2d12      16%         3
 Confusing Touch          Hex            4%         N/A       36%         3
 Sigil of Binding         Hex            4%         N/A       36%         3
 Vampiric Draining        Necr           4%         2d6       36%         3
 Flame Wave               Conj/Fire      16%        2d7       36%         4


Dungeon Overview and Level Annotations

Branches:
Dungeon (2/15)

Altars:


Message History

* * * LOW HITPOINT WARNING * * *
Casting: Scorch (safe; 3% risk of failure)
Confirm with . or Enter, or press ? or * to list all spells.
Okay, then.
You feel much better.
The gnoll hits you from afar with a +0 spear!
You conjure some foxfire!
The gnoll hits you from afar with a +0 spear.
Your foxfire dissipates!
The foxfire hits the gnoll.
The gnoll is lightly wounded.
Your magical contamination has completely faded away.
You are out of magic!
The gnoll misses you. The gnoll attacks as it pursues you!
The gnoll closely misses you.
You see here a +0 halberd.
The gnoll attacks as it pursues you!
The gnoll hits you from afar with a +0 spear.
Found a hand axe.
The gnoll attacks as it pursues you!
The gnoll hits you from afar with a +0 spear.
The gnoll attacks as it pursues you!
The gnoll hits you from afar with a +0 spear.
The gnoll attacks as it pursues you!
The gnoll hits you from afar with a +0 spear.
* * * LOW HITPOINT WARNING * * *
You see here a +0 hand axe.
You are too injured to fight recklessly!
The gnoll attacks as it pursues you! The gnoll closely misses you.
You are too injured to fight recklessly!
The gnoll attacks as it pursues you!
The gnoll hits you from afar with a +0 spear.
* * * LOW HITPOINT WARNING * * *
Casting: Foxfire (safe; 3% risk of failure)
Confirm with . or Enter, or press ? or * to list all spells.
Flames lash the gnoll.
The gnoll is lightly wounded.
The gnoll's fire resistance burns away.
The gnoll hits you from afar with a +0 spear!
You die...

###g#.)...#.
#####...####).#.
#.....######..#.
#?.........#.†#.
#.....####.#..#. #.....#
#.#..#§ ####### #.#..#.
##################.##...
.......@.g.........####.
.################### #.
#. ##


You could see a gnoll (combustible).

Vanquished Creatures
  3 gnolls (D:2)
  An adder (D:2)
  A dart slug (D:2)
  3 endoplasms
  4 giant cockroaches
  3 goblins (D:1)
  3 hobgoblins
  3 jackals (D:1)
  A quokka (D:1)
  2 ball pythons
  3 bats
  A kobold (D:1)
  4 rats
32 creatures vanquished.

Vanquished Creatures (others)
  94 foxfires
94 creatures vanquished.

Grand Total: 126 creatures vanquished

Notes
Turn   | Place    | Note
-------+----------+-------------------------------------------
     0 | D:1      | SmokeWeed the Deep Elf Fire Elementalist began the quest
                  | for the Orb.
     0 | D:1      | Reached XP level 1. HP: 10/10 MP: 6/6
   258 | D:1      | Reached XP level 2. HP: 15/15 MP: 4/8
   261 | D:1      | Learned a level 2 spell: Scorch
  1375 | D:2      | Reached XP level 3. HP: 13/19 MP: 8/10
  1735 | D:2      | Reached XP level 4. HP: 8/24 MP: 2/12
  1774 | D:2      | Slain by a gnoll

Illustrated notes

Levels and vault maps discovered:
D:1:      grunt_arrival_lava_bath, layout_basic
D:2:      layout_basic, grunt_decor_clamped, minmay_misc_feat_diagonals,
          minmay_misc_feat_alley

Skill      XL: |  1  2  3 |
---------------+----------+-----
Fire Magic     | 4 |  4.2
Spellcasting   | 4 |  4.0
Short Blades   | |  0.2
Dodging        | |  2.9
Stealth        | |  2.8
Conjurations   | |  1.9

Action                     |  1- 3 |  4- 6 || total
---------------------------+-------+-------++-------
  Melee: Unarmed           |     1 |       ||     1
         Short sword       |    17 |       ||    17
   Cast: Foxfire           |    69 |     1 ||    70
         Scorch            |     2 |     1 ||     3
    Use: Scroll            |     3 |       ||     3
         Potion            |       |     1 ||     1
   Stab: Sleeping          |     1 |       ||     1
 Armour: Robe              |    30 |     9 ||    39
  Dodge: Dodged            |    43 |     3 ||    46

Table legend: (Time is in decaauts)
 A = Elapsed time spent in this place.
 B = Non-inter-level travel time spent in this place.
 C = Inter-level travel time spent in this place.
 D = Time resting spent in this place.
 E = Time spent auto-exploring this place.
 F = Levels seen in this place.
 G = Mean time per level.
                   A        B        C        D        E       F      G
               +--------+--------+--------+--------+--------+-----+--------+
         Total |   1773 |   1762 |     11 |      0 |   1401 |   2 |  886.5 |
       Dungeon |   1773 |   1762 |     11 |      0 |   1401 |   2 |  886.5 |
               +--------+--------+--------+--------+--------+-----+--------+

Top non-repeatable levels by time:
     D:1: 1170 daAuts
     D:2: 602 daAuts
